[Event "FICS rated blitz game"]
[Site "FICS freechess.org"]
[FICSGamesDBGameNo "20002734"]
[White "franky"]
[Black "salex"]
[WhiteElo "1784"]
[BlackElo "1800"]
[WhiteRD "na"]
[BlackRD "na"]
[TimeControl "180+0"]
[Date "1999.10.17"]
[Time "08:57:00"]
[WhiteClock "0:03:00.000"]
[BlackClock "0:03:00.000"]
[ECO "C55"]
[PlyCount "122"]
[Result "1/2-1/2"]

1. e4 e5 2. Nf3 Nc6 3. Bc4 Nf6 4. O-O Nxe4 5. Nc3 Nxc3 6. dxc3 Be7 7. Qd5 O-O 8. Nxe5 Nxe5 9. Qxe5 d6 10. Qg3 Bf5 11. Bd3 Bxd3 12. cxd3 Bf6 13. d4 c5 14. Be3 cxd4 15. Bxd4 Bxd4 16. cxd4 Qb6 17. Qc3 Rac8 18. Qd2 Rc4 19. Rfd1 Rfc8 20. Rac1 Qc6 21. Rxc4 Qxc4 22. b3 Qc2 23. h3 Qxd2 24. Rxd2 Kf8 25. Re2 Rc3 26. Kh2 a5 27. f3 b5 28. Kg3 a4 29. bxa4 bxa4 30. Kf4 a3 31. Ke4 Rc1 32. Kd5 Rb1 33. Re3 Rb2 34. Rxa3 Rxg2 35. Kxd6 g5 36. Ra8+ Kg7 37. Ke5 Rg3 38. Kf5 Rxf3+ 39. Kxg5 Rxh3 40. d5 Rd3 41. Ra5 h6+ 42. Kf4 Kg6 43. Ke4 Rd1 44. Ra6+ Kg5 45. a4 h5 46. d6 h4 47. Ra5+ Kg4 48. Rd5 Rxd5 49. Kxd5 h3 50. d7 h2 51. d8=Q h1=Q+ 52. Kd6 Qd1+ 53. Kc7 Qxd8+ 54. Kxd8 f5 55. a5 f4 56. a6 f3 57. a7 f2 58. a8=Q f1=Q 59. Qe4+ Qf4 60. Qg6+ Qg5+ 61. Qxg5+ Kxg5 {Neither player has mating material} 1/2-1/2

[Event "FICS rated lightning game"]
[Site "FICS freechess.org"]
[FICSGamesDBGameNo "20002732"]
[White "Mogli"]
[Black "bogi"]
[WhiteElo "1711"]
[BlackElo "1414"]
[WhiteRD "na"]
[BlackRD "na"]
[TimeControl "0+1"]
[Date "1999.10.17"]
[Time "08:50:00"]
[WhiteClock "0:10.000"]
[BlackClock "0:10.000"]
[ECO "D00"]
[PlyCount "21"]
[Result "1-0"]

1. d4 d5 2. c3 c6 3. e3 Nf6 4. c4 dxc4 5. Nc3 e6 6. Bxc4 Nd5 7. Nxd5 cxd5 8. Bb5+ Nc6 9. Nf3 a6 10. Bxc6+ bxc6 11. O-O {Black forfeits on time} 1-0

[Event "FICS rated blitz game"]
[Site "FICS freechess.org"]
[FICSGamesDBGameNo "20002731"]
[White "TeddyBear"]
[Black "Rolf"]
[WhiteElo "1970"]
[BlackElo "2125"]
[WhiteRD "na"]
[BlackRD "na"]
[TimeControl "300+0"]
[Date "1999.10.17"]
[Time "08:39:00"]
[WhiteClock "0:05:00.000"]
[BlackClock "0:05:00.000"]
[ECO "B07"]
[PlyCount "91"]
[Result "1-0"]

1. e4 d6 2. d4 Nf6 3. Nc3 Nbd7 4. g3 g6 5. Bg2 Bg7 6. Nge2 O-O 7. h3 e5 8. O-O b6 9. Bg5 h6 10. Be3 Bb7 11. Qd2 Kh7 12. Rad1 Re8 13. f3 exd4 14. Nxd4 Nc5 15. Nb3 Ncd7 16. Rfe1 a5 17. a4 Ne5 18. Qe2 Ba6 19. Nb5 c6 20. Rxd6 Qb8 21. Red1 cxb5 22. axb5 Bb7 23. Bxb6 Rc8 24. Nxa5 Rxa5 25. Bxa5 Nc4 26. Bb4 Nxd6 27. Bxd6 Qa7+ 28. Kh2 Ne8 29. Ba3 Ba8 30. c4 Nc7 31. Qd3 Ne6 32. Bb4 Qf2 33. Rd2 Qe1 34. Bc3 Bxc3 35. Qxc3 Rc7 36. b4 Re7 37. c5 Rd7 38. Rc2 Qxc3 39. Rxc3 Nd4 40. Bf1 f5 41. c6 Rf7 42. Rd3 Nxb5 43. Rd7 Nd6 44. Rxd6 Rc7 45. Rd7+ Rxd7 46. cxd7 {Black resigns} 1-0

[Event "FICS rated blitz game"]
[Site "FICS freechess.org"]
[FICSGamesDBGameNo "20002730"]
[White "chesshack"]
[Black "patmau"]
[WhiteElo "1577"]
[BlackElo "842"]
[WhiteRD "na"]
[BlackRD "na"]
[TimeControl "120+12"]
[Date "1999.10.17"]
[Time "08:29:00"]
[WhiteClock "0:02:00.000"]
[BlackClock "0:02:00.000"]
[ECO "A41"]
[PlyCount "87"]
[Result "1-0"]

1. d4 d6 2. c4 b6 3. Nc3 c6 4. e4 Bb7 5. Nf3 Nf6 6. Bd3 e6 7. O-O Be7 8. d5 exd5 9. cxd5 Nxd5 10. exd5 cxd5 11. Bb5+ Bc6 12. Bxc6+ Nxc6 13. Qxd5 Rc8 14. Re1 O-O 15. a3 g6 16. Bh6 Re8 17. Bg5 Bxg5 18. Nxg5 Qf6 19. Nge4 Qf5 20. Qxf5 gxf5 21. Nxd6 Rxe1+ 22. Rxe1 Rf8 23. Nxf5 Nd4 24. Nd5 Nxf5 25. g4 Ng7 26. Nf6+ Kh8 27. Re7 Rg8 28. Nxg8 Kxg8 29. Rxa7 Kf8 30. Rb7 Ne6 31. Rxb6 Nf4 32. a4 Ne2+ 33. Kf1 Nd4 34. a5 Nc2 35. a6 Nd4 36. a7 Nf3 37. Kg2 Nh4+ 38. Kg3 Ng6 39. a8=Q+ Kg7 40. Qe4 Nf8 41. Qe5+ f6 42. Qxf6+ Kg8 43. Rb7 Ng6 44. Qg7# {Black checkmated} 1-0

[Event "FICS rated blitz game"]
[Site "FICS freechess.org"]
[FICSGamesDBGameNo "20002729"]
[White "Rina"]
[Black "BernardLQ"]
[WhiteElo "1772"]
[BlackElo "1749"]
[WhiteRD "na"]
[BlackRD "na"]
[TimeControl "180+2"]
[Date "1999.10.17"]
[Time "07:05:00"]
[WhiteClock "0:03:00.000"]
[BlackClock "0:03:00.000"]
[ECO "C55"]
[PlyCount "79"]
[Result "1-0"]

1. e4 e5 2. Nf3 Nc6 3. Bc4 Nf6 4. d3 Be7 5. O-O d6 6. c3 O-O 7. Nbd2 a6 8. Bb3 b5 9. Re1 Na5 10. Bc2 c5 11. Nf1 Bb7 12. a4 Nc6 13. Ng3 Re8 14. Nf5 Bf8 15. Bg5 h6 16. Bh4 g5 17. Bg3 Ne7 18. Ne3 Ng6 19. Bb3 Bg7 20. Nf5 Nf4 21. Bxf4 gxf4 22. N3h4 Kh7 23. Nxg7 Kxg7 24. Nf5+ Kh7 25. g3 Rg8 26. Bxf7 Rg5 27. axb5 axb5 28. Rxa8 Qxa8 29. Qb3 Bc6 30. Qe6 Qd8 31. h4 Rg4 32. Nxd6 Bd7 33. Qb3 fxg3 34. f3 Rxh4 35. Be6 Rf4 36. Nf5 Rxf3 37. Ra1 Rxd3 38. Ra7 Nxe4 39. Bxd7 Rxd7 40. Qe6 {Black forfeits on time} 1-0

[Event "FICS rated blitz game"]
[Site "FICS freechess.org"]
[FICSGamesDBGameNo "20002728"]
[White "Marsel"]
[Black "Erron"]
[WhiteElo "1437"]
[BlackElo "1490"]
[WhiteRD "na"]
[BlackRD "na"]
[TimeControl "180+0"]
[Date "1999.10.17"]
[Time "06:03:00"]
[WhiteClock "0:03:00.000"]
[BlackClock "0:03:00.000"]
[ECO "D53"]
[PlyCount "116"]
[Result "0-1"]

1. d4 d5 2. c4 e6 3. Nc3 Nf6 4. Bg5 Be7 5. Nf3 Nbd7 6. cxd5 Nxd5 7. Bxe7 Qxe7 8. Nxd5 exd5 9. e3 O-O 10. Bd3 Nb6 11. O-O Bg4 12. Be2 Rfe8 13. Rc1 c6 14. Qd3 Nd7 15. Rc2 Nf6 16. Ne5 Bxe2 17. Qxe2 Nd7 18. Nxd7 Qxd7 19. Rfc1 h6 20. a4 a6 21. b4 g6 22. Rb2 Kg7 23. b5 axb5 24. axb5 Rac8 25. bxc6 bxc6 26. Rbc2 Rc7 27. h3 Rec8 28. Qg4 Qxg4 29. hxg4 Kf6 30. f4 Ke6 31. Kf2 f5 32. gxf5+ Kxf5 33. Kf3 g5 34. g4+ Kf6 35. f5 Re8 36. Rh1 Kg7 37. Re2 c5 38. dxc5 Rxc5 39. e4 dxe4+ 40. Rxe4 Rc3+ 41. Ke2 Rxe4+ 42. Kd2 Rcc4 43. Kd3 Rxg4 44. Re1 Ra4 45. Re7+ Kf6 46. Re6+ Kxf5 47. Rxh6 Rg3+ 48. Ke2 Ra2+ 49. Kf1 Rd3 50. Ke1 Rb3 51. Rd6 Rb1+ 52. Rd1 Rxd1+ 53. Kxd1 Ke4 54. Ke1 Kd3 55. Kf1 Ke3 56. Kg1 Kf3 57. Kh1 Kg3 58. Kg1 Ra1# {White checkmated} 0-1

[Event "FICS rated blitz game"]
[Site "FICS freechess.org"]
[FICSGamesDBGameNo "20002726"]
[White "MupMup"]
[Black "Zerr"]
[WhiteElo "1362"]
[BlackElo "1344"]
[WhiteRD "na"]
[BlackRD "na"]
[TimeControl "300+0"]
[Date "1999.10.17"]
[Time "02:06:00"]
[WhiteClock "0:05:00.000"]
[BlackClock "0:05:00.000"]
[ECO "B13"]
[PlyCount "73"]
[Result "0-1"]

1. e4 c6 2. d4 d5 3. exd5 cxd5 4. Nf3 Nf6 5. Nc3 e6 6. Be2 Bd7 7. O-O Bd6 8. Nb5 Be7 9. Ne5 a6 10. Nxd7 Qxd7 11. Nc3 Nc6 12. Be3 Rc8 13. Kh1 O-O 14. f3 b5 15. a3 Na5 16. Bd3 h6 17. Qd2 Nc4 18. Bxc4 Rxc4 19. b3 Rc7 20. Ne2 Bd6 21. Rac1 Rfc8 22. Ng3 Bxa3 23. Ra1 b4 24. Bxh6 Rxc2 25. Qg5 Ne8 26. Nh5 Qd8 27. Qg3 g6 28. Bg5 Qd6 29. Bf4 Qf8 30. Be5 Qh6 31. Nf6+ Nxf6 32. Bxf6 Rc1 33. Bg5 Rxf1+ 34. Rxf1 Qg7 35. Qf2 Bb2 36. Be3 Bc3 37. f4 {White forfeits on time} 0-1

[Event "FICS rated blitz game"]
[Site "FICS freechess.org"]
[FICSGamesDBGameNo "20002722"]
[White "skl"]
[Black "footsoldier"]
[WhiteElo "1253"]
[BlackElo "1202"]
[WhiteRD "na"]
[BlackRD "na"]
[TimeControl "300+12"]
[Date "1999.10.16"]
[Time "21:11:00"]
[WhiteClock "0:05:00.000"]
[BlackClock "0:05:00.000"]
[ECO "C65"]
[PlyCount "47"]
[Result "1-0"]

1. e4 e5 2. Nf3 Nc6 3. Bb5 Bc5 4. O-O Nf6 5. Re1 O-O 6. d3 Nd4 7. Bc4 b5 8. Nxd4 bxc4 9. Nf5 cxd3 10. cxd3 d6 11. a3 Be6 12. b4 Bb6 13. Nc3 Qd7 14. Qf3 Bd4 15. Bd2 a5 16. Rac1 axb4 17. axb4 Rfb8 18. Be3 Bxc3 19. Rxc3 Rxb4 20. Bg5 Bxf5 21. Bxf6 Bg4 22. Qg3 g6 23. Qh4 Be6 24. Qh6 {Black resigns} 1-0

[Event "FICS rated blitz game"]
[Site "FICS freechess.org"]
[FICSGamesDBGameNo "20002721"]
[White "Fuser"]
[Black "kiwan"]
[WhiteElo "952"]
[BlackElo "1373"]
[WhiteRD "na"]
[BlackRD "na"]
[TimeControl "120+12"]
[Date "1999.10.16"]
[Time "17:24:00"]
[WhiteClock "0:02:00.000"]
[BlackClock "0:02:00.000"]
[ECO "C61"]
[PlyCount "28"]
[Result "0-1"]

1. e4 e5 2. Nf3 Nc6 3. Bb5 Nd4 4. Nxd4 exd4 5. d3 Nf6 6. Bg5 Be7 7. O-O O-O 8. e5 Nd5 9. Bc4 Nb6 10. Bb3 Bxg5 11. Re1 d6 12. exd6 Qxd6 13. Qh5 Qg6 14. Qg4 Bxg4 {White resigns} 0-1

[Event "FICS rated lightning game"]
[Site "FICS freechess.org"]
[FICSGamesDBGameNo "20002720"]
[White "MiranoOfBosnia"]
[Black "tokare"]
[WhiteElo "2000"]
[BlackElo "1735"]
[WhiteRD "na"]
[BlackRD "na"]
[TimeControl "60+0"]
[Date "1999.10.16"]
[Time "16:56:00"]
[WhiteClock "0:01:00.000"]
[BlackClock "0:01:00.000"]
[ECO "D20"]
[PlyCount "93"]
[Result "1-0"]

1. d4 e6 2. c4 d5 3. Nc3 dxc4 4. e4 c5 5. Nf3 cxd4 6. Qxd4 Qxd4 7. Nxd4 Nc6 8. Nxc6 bxc6 9. Bxc4 Ne7 10. O-O Ng6 11. f4 Be7 12. f5 Ne5 13. Be2 c5 14. Bf4 Nc6 15. Bb5 Bb7 16. fxe6 fxe6 17. Be5 Rg8 18. Rad1 Bf6 19. Bxf6 gxf6 20. Rxf6 Ke7 21. Rdf1 Nd4 22. Bd3 Raf8 23. Rxf8 Rxf8 24. Rxf8 Kxf8 25. Kf2 h6 26. Ke3 e5 27. Nd5 Kf7 28. Nc7 Kf6 29. b3 Bc8 30. Nb5 a6 31. Nd6 Bg4 32. Nc4 Bd1 33. Nd6 Nc2+ 34. Bxc2 Bxc2 35. Nc4 Ke6 36. g3 Bd1 37. h4 Bg4 38. Kd3 Bh5 39. Kc3 Bg6 40. Ne3 Bxe4 41. Kc4 Bf3 42. Kxc5 e4 43. Nc4 Be2 44. Ne3 Ke5 45. Kb4 Bd1 46. Kc3 Bf3 47. Nc4+ {Black forfeits on time} 1-0

[Event "FICS rated blitz game"]
[Site "FICS freechess.org"]
[FICSGamesDBGameNo "20002718"]
[White "MrData"]
[Black "teeny"]
[WhiteElo "1846"]
[BlackElo "1848"]
[WhiteRD "na"]
[BlackRD "na"]
[TimeControl "180+0"]
[Date "1999.10.16"]
[Time "16:26:00"]
[WhiteClock "0:03:00.000"]
[BlackClock "0:03:00.000"]
[ECO "A52"]
[PlyCount "67"]
[Result "1-0"]

1. d4 Nf6 2. c4 e5 3. dxe5 Ng4 4. Bf4 Bb4+ 5. Nd2 Nc6 6. Nf3 Qe7 7. e3 Ngxe5 8. a3 Bxd2+ 9. Nxd2 O-O 10. Be2 d6 11. Nf3 Be6 12. Rc1 Rad8 13. O-O h6 14. Qb3 b6 15. Qc2 Na5 16. Nxe5 dxe5 17. Bxe5 Bxc4 18. Bxc4 Qxe5 19. Be2 c5 20. Rfd1 Nc6 21. Bb5 Ne7 22. Rd2 Rxd2 23. Qxd2 Nd5 24. Rd1 Nc7 25. Bc4 b5 26. Ba2 a5 27. Qd7 Ne6 28. Bxe6 Qxe6 29. Qxb5 Qe5 30. Qxa5 g5 31. Qc3 Qe7 32. h3 h5 33. Rd5 Qe4 34. Rxg5+ {Black resigns} 1-0

[Event "FICS rated standard game"]
[Site "FICS freechess.org"]
[FICSGamesDBGameNo "20002717"]
[White "Xquake"]
[Black "KnightGlo"]
[WhiteElo "1462"]
[BlackElo "1391"]
[WhiteRD "na"]
[BlackRD "na"]
[TimeControl "1800+0"]
[Date "1999.10.16"]
[Time "16:14:00"]
[WhiteClock "0:30:00.000"]
[BlackClock "0:30:00.000"]
[ECO "C46"]
[PlyCount "40"]
[Result "0-1"]

1. e4 e5 2. Nf3 Nc6 3. Nc3 d6 4. Bc4 Bg4 5. d3 Nd4 6. Be3 d5 7. Nxd5 Nf6 8. Qd2 Nc6 9. Qc3 Nxd5 10. exd5 Bb4 11. O-O-O Bxc3 12. bxc3 Na5 13. h3 e4 14. Bb5+ Bd7 15. Bxd7+ Qxd7 16. dxe4 Nc4 17. Ne5 Nxe5 18. g4 Nc4 19. Bc5 Qb5 20. Bd4 Qb2# {White checkmated} 0-1

[Event "FICS rated blitz game"]
[Site "FICS freechess.org"]
[FICSGamesDBGameNo "20002716"]
[White "ComboKing"]
[Black "kemar"]
[WhiteElo "1638"]
[BlackElo "1755"]
[WhiteRD "na"]
[BlackRD "na"]
[TimeControl "300+0"]
[Date "1999.10.16"]
[Time "15:43:00"]
[WhiteClock "0:05:00.000"]
[BlackClock "0:05:00.000"]
[ECO "B98"]
[PlyCount "59"]
[Result "1-0"]

1. e4 c5 2. Nf3 d6 3. d4 cxd4 4. Nxd4 Nf6 5. Nc3 a6 6. Bg5 e6 7. f4 Be7 8. Qf3 Qc7 9. O-O-O b5 10. Bd3 b4 11. Nce2 Bb7 12. Ng3 Nbd7 13. Rhe1 Rc8 14. Qe2 Qa5 15. Kb1 Nc5 16. e5 Nd5 17. Bxe7 Kxe7 18. exd6+ Kf8 19. d7 Nxd7 20. Nxe6+ fxe6 21. Qxe6 Qd8 22. Bf5 N7f6 23. Ne4 Rc6 24. Qe5 b3 25. axb3 Nxe4 26. Bxe4 Rd6 27. Kc1 h6 28. Rd3 Qe7 29. Qxe7+ Kxe7 30. Bxd5+ {Black forfeits on time} 1-0

[Event "FICS rated blitz game"]
[Site "FICS freechess.org"]
[FICSGamesDBGameNo "20002715"]
[White "Harrier"]
[Black "civet"]
[WhiteElo "1357"]
[BlackElo "1341"]
[WhiteRD "na"]
[BlackRD "na"]
[TimeControl "120+12"]
[Date "1999.10.16"]
[Time "15:39:00"]
[WhiteClock "0:02:00.000"]
[BlackClock "0:02:00.000"]
[ECO "B10"]
[PlyCount "45"]
[Result "1-0"]

1. e4 c6 2. Nf3 d5 3. exd5 cxd5 4. d4 Nc6 5. h3 Nf6 6. Bd3 e6 7. a3 Bd6 8. O-O Bd7 9. Nbd2 O-O 10. c4 dxc4 11. Nxc4 Bc7 12. Re1 h6 13. Nfe5 b5 14. Nxc6 Bxc6 15. Ne5 Bxe5 16. dxe5 Ne8 17. Qc2 Rc8 18. Qe2 Nc7 19. Rd1 Nd5 20. Qg4 Kh8 21. Qh5 g5 22. Qxh6+ Kg8 23. Qh7# {Black checkmated} 1-0

[Event "FICS rated blitz game"]
[Site "FICS freechess.org"]
[FICSGamesDBGameNo "20002714"]
[White "Mikenas"]
[Black "Curtacci"]
[WhiteElo "1847"]
[BlackElo "1958"]
[WhiteRD "na"]
[BlackRD "na"]
[TimeControl "300+0"]
[Date "1999.10.16"]
[Time "15:34:00"]
[WhiteClock "0:05:00.000"]
[BlackClock "0:05:00.000"]
[ECO "A25"]
[PlyCount "52"]
[Result "0-1"]

1. c4 e5 2. Nc3 Nc6 3. g3 g6 4. Bg2 Bg7 5. e4 d6 6. Nge2 Nge7 7. O-O O-O 8. d3 Be6 9. h3 Qd7 10. Kh2 f5 11. f4 Nd4 12. Nxd4 exd4 13. Ne2 c6 14. b4 a5 15. Bd2 axb4 16. Bxb4 c5 17. Bd2 Ra6 18. a4 Nc6 19. Qb3 Rfa8 20. Ng1 h6 21. Rfb1 R6a7 22. Re1 Kh7 23. Qb6 Rxa4 24. Qb2 Nb4 25. Bxb4 cxb4 26. Qb3 Rxa1 {White resigns} 0-1

[Event "FICS rated blitz game"]
[Site "FICS freechess.org"]
[FICSGamesDBGameNo "20002713"]
[White "bdt"]
[Black "Fuser"]
[WhiteElo "1045"]
[BlackElo "974"]
[WhiteRD "na"]
[BlackRD "na"]
[TimeControl "120+12"]
[Date "1999.10.16"]
[Time "15:31:00"]
[WhiteClock "0:02:00.000"]
[BlackClock "0:02:00.000"]
[ECO "C61"]
[PlyCount "33"]
[Result "1-0"]

1. e4 e5 2. Nf3 Nc6 3. Bb5 Nd4 4. Nxd4 exd4 5. O-O Nf6 6. c3 dxc3 7. Nxc3 Bb4 8. e5 Ng8 9. Qg4 a6 10. Qxg7 axb5 11. Qxh8 Qg5 12. Nd5 c6 13. f4 Qg6 14. f5 Qg5 15. d3 Bc5+ 16. Kh1 Qg4 17. Nf6+ {Black resigns} 1-0

[Event "FICS rated blitz game"]
[Site "FICS freechess.org"]
[FICSGamesDBGameNo "20002712"]
[White "twins"]
[Black "AlphaTauri"]
[WhiteElo "1276"]
[BlackElo "1250"]
[WhiteRD "na"]
[BlackRD "na"]
[TimeControl "120+12"]
[Date "1999.10.16"]
[Time "15:30:00"]
[WhiteClock "0:02:00.000"]
[BlackClock "0:02:00.000"]
[ECO "C68"]
[PlyCount "103"]
[Result "0-1"]

1. e4 e5 2. Nf3 Nc6 3. Bb5 a6 4. Bxc6 dxc6 5. d3 Bd6 6. O-O Nf6 7. Bg5 O-O 8. h4 Re8 9. Nh2 h6 10. Be3 Rf8 11. Qd2 Be6 12. Re1 Qe7 13. Bxh6 gxh6 14. Qxh6 Nh7 15. Re3 Qf6 16. Rg3+ Kh8 17. Qe3 Rg8 18. Rf3 Qg6 19. Rg3 Qf6 20. Rf3 Qe7 21. h5 Qg5 22. Qxg5 Nxg5 23. Rg3 Bc5 24. h6 Kh7 25. Nf3 Nxf3+ 26. Rxf3 Kxh6 27. Nc3 Rg4 28. Rh3+ Kg7 29. Na4 Bb6 30. c4 Rg8 31. c5 Ba5 32. a3 Bd2 33. f3 Rg6 34. g4 Kf8 35. Rd1 Bf4 36. b4 Rxg4+ 37. fxg4 Bxg4 38. Kf2 Bxh3 39. Rh1 Be6 40. Ke2 Rg2+ 41. Kd1 Bg4+ 42. Ke1 Ra2 43. Rh8+ Ke7 44. Rg8 Ra1+ 45. Kf2 Be6 46. Rb8 Rxa3 47. Rxb7 Rxa4 48. Rxc7+ Bd7 49. Kf3 Rxb4 50. d4 Rxd4 51. Ra7 Ra4 52. Rc7 {White resigns} 0-1

[Event "FICS rated blitz game"]
[Site "FICS freechess.org"]
[FICSGamesDBGameNo "20002711"]
[White "Noblesteed"]
[Black "Heim"]
[WhiteElo "1357"]
[BlackElo "1386"]
[WhiteRD "na"]
[BlackRD "na"]
[TimeControl "300+0"]
[Date "1999.10.16"]
[Time "15:22:00"]
[WhiteClock "0:05:00.000"]
[BlackClock "0:05:00.000"]
[ECO "C58"]
[PlyCount "81"]
[Result "0-1"]

1. e4 e5 2. Nf3 Nc6 3. Bc4 Nf6 4. Ng5 d5 5. exd5 Na5 6. Bb5+ c6 7. dxc6 bxc6 8. Be2 Nd5 9. d4 Be7 10. Nf3 e4 11. Ne5 Bd7 12. O-O O-O 13. Nd2 f5 14. Kh1 Bf6 15. Nxd7 Qxd7 16. c3 Kh8 17. Qa4 Nb7 18. Bc4 Qe8 19. Qa6 Nd6 20. Bxd5 cxd5 21. Qxd6 Rd8 22. Qa6 Bg5 23. Qxa7 f4 24. Re1 e3 25. fxe3 fxe3 26. Nf3 Bh6 27. Ne5 Rf6 28. Bxe3 Bxe3 29. Rxe3 Qf8 30. Kg1 Re8 31. Rae1 Ra8 32. Qb7 Rb8 33. Qxd5 Rd8 34. Qe4 Rf4 35. Qc6 Rf6 36. Qe4 Rf4 37. Qd3 Rf6 38. a3 Ra8 39. Qc4 Rd8 40. Nf7+ Rxf7 41. Re8 {White forfeits on time} 0-1

[Event "FICS rated lightning game"]
[Site "FICS freechess.org"]
[FICSGamesDBGameNo "20002710"]
[White "stargleamer"]
[Black "CarrascoJr"]
[WhiteElo "1499"]
[BlackElo "1550"]
[WhiteRD "na"]
[BlackRD "na"]
[TimeControl "120+0"]
[Date "1999.10.16"]
[Time "14:58:00"]
[WhiteClock "0:02:00.000"]
[BlackClock "0:02:00.000"]
[ECO "B01"]
[PlyCount "87"]
[Result "1-0"]

1. e4 d5 2. exd5 Qxd5 3. Nc3 Qa5 4. Bc4 Nf6 5. d4 Bg4 6. Nf3 e6 7. Bd2 c6 8. O-O Nbd7 9. h3 Bh5 10. g4 Bg6 11. Nd5 Qd8 12. Ne3 Be4 13. Bd3 Bxd3 14. cxd3 Be7 15. Qe2 O-O 16. Ne5 Nxe5 17. dxe5 Nd5 18. f4 Nxe3 19. Bxe3 b6 20. Qf3 Rc8 21. f5 exf5 22. gxf5 Bc5 23. d4 Bb4 24. a3 Be7 25. f6 Bxf6 26. exf6 Qxf6 27. Qxf6 gxf6 28. Rxf6 Kg7 29. Raf1 Rce8 30. Bh6+ Kg8 31. Bxf8 Rxf8 32. Rxc6 Rd8 33. Rd1 Rd5 34. Rc7 Kg7 35. Rxa7 Rg5+ 36. Kh2 Rd5 37. Rb7 b5 38. Rb6 Rf5 39. d5 Rf2+ 40. Kg3 Rxb2 41. d6 Rb3+ 42. Kf4 Rxa3 43. Ke5 Ra8 44. d7 {Black forfeits on time} 1-0

[Event "FICS rated blitz game"]
[Site "FICS freechess.org"]
[FICSGamesDBGameNo "20002709"]
[White "promoman"]
[Black "Vanceii"]
[WhiteElo "1694"]
[BlackElo "1598"]
[WhiteRD "na"]
[BlackRD "na"]
[TimeControl "180+0"]
[Date "1999.10.16"]
[Time "14:17:00"]
[WhiteClock "0:03:00.000"]
[BlackClock "0:03:00.000"]
[ECO "C11"]
[PlyCount "47"]
[Result "1-0"]

1. e4 e6 2. d4 d5 3. Nc3 Nf6 4. f3 c5 5. Nge2 Nc6 6. Be3 Qb6 7. Na4 Qb4+ 8. c3 Qa5 9. e5 Nd7 10. Nxc5 Nxc5 11. dxc5 Bxc5 12. b4 Nxb4 13. cxb4 Bxb4+ 14. Bd2 O-O 15. Bxb4 Qxb4+ 16. Qd2 Qb6 17. Nd4 Bd7 18. Be2 Rac8 19. O-O Qc7 20. Rfc1 Qxe5 21. f4 Qe4 22. Bf3 Qg6 23. f5 exf5 24. Bxd5 {Black forfeits on time} 1-0

[Event "FICS rated blitz game"]
[Site "FICS freechess.org"]
[FICSGamesDBGameNo "20002707"]
[White "cappellaio"]
[Black "nnb"]
[WhiteElo "1600"]
[BlackElo "1615"]
[WhiteRD "na"]
[BlackRD "na"]
[TimeControl "60+5"]
[Date "1999.10.16"]
[Time "13:08:00"]
[WhiteClock "0:01:00.000"]
[BlackClock "0:01:00.000"]
[ECO "D02"]
[PlyCount "66"]
[Result "0-1"]

1. d4 d5 2. Nf3 Nc6 3. Bf4 Bf5 4. e3 h6 5. c4 Nb4 6. Na3 dxc4 7. Qa4+ Nc6 8. Bxc4 a6 9. Qb3 e6 10. Qxb7 Na5 11. Bb5+ axb5 12. Qxb5+ c6 13. Qe2 Bxa3 14. bxa3 Nf6 15. O-O O-O 16. Ne5 Qd5 17. f3 Qb5 18. Qd2 Nc4 19. Nxc4 Qxc4 20. Rfc1 Qb5 21. e4 Bh7 22. Rc5 Qa4 23. h3 Rfc8 24. Rac1 Nd7 25. R5c3 f6 26. Kh2 e5 27. dxe5 Nxe5 28. Qd6 Qb5 29. Qe6+ Nf7 30. Bxh6 gxh6 31. Qxf6 Qe5+ 32. Qxe5 Nxe5 33. Rc5 Nd3 {White resigns} 0-1

[Event "FICS rated blitz game"]
[Site "FICS freechess.org"]
[FICSGamesDBGameNo "20002706"]
[White "Rivaldo"]
[Black "chauncy"]
[WhiteElo "1750"]
[BlackElo "1719"]
[WhiteRD "na"]
[BlackRD "na"]
[TimeControl "180+0"]
[Date "1999.10.16"]
[Time "13:06:00"]
[WhiteClock "0:03:00.000"]
[BlackClock "0:03:00.000"]
[ECO "D11"]
[PlyCount "122"]
[Result "1-0"]

1. Nf3 c6 2. d4 d5 3. c4 Bf5 4. Nc3 e6 5. Bg5 Nf6 6. e3 Nbd7 7. Bd3 Bxd3 8. Qxd3 Be7 9. O-O O-O 10. Rac1 h6 11. Bf4 Rc8 12. Rfe1 dxc4 13. Qxc4 Nd5 14. Nxd5 cxd5 15. Qd3 Qb6 16. a3 Nf6 17. Be5 Qxb2 18. Rb1 Qxa3 19. Qxa3 Bxa3 20. Bxf6 gxf6 21. Rxb7 a5 22. Reb1 Rc1+ 23. Rxc1 Bxc1 24. Ra7 Rc8 25. Rxa5 Ba3 26. g3 Bf8 27. Kg2 h5 28. h4 Kg7 29. Ra7 Kg6 30. Nh2 Rc2 31. g4 Bh6 32. Kf3 hxg4+ 33. Nxg4 Bg7 34. h5+ Kxh5 35. Rxf7 Kg6 36. Re7 f5 37. Ne5+ Kf6 38. Rf7+ Kg5 39. Rxg7+ Kh6 40. Rg6+ Kh7 41. Rxe6 Kg7 42. Rd6 Ra2 43. Rxd5 Kf6 44. Rd6+ Ke7 45. Rg6 Ra5 46. Rg5 Kf6 47. Kf4 Ra2 48. f3 Ra3 49. Rxf5+ Ke6 50. Ng4 Kd6 51. e4 Ra4 52. d5 Rc4 53. Rf6+ Kd7 54. Ke5 Rc3 55. Nh6 Rc1 56. f4 Ra1 57. Rf7+ Ke8 58. f5 Rh1 59. Rf6 Rg1 60. Re6+ Kd7 61. d6 Rg7 {Black forfeits on time} 1-0

[Event "FICS rated blitz game"]
[Site "FICS freechess.org"]
[FICSGamesDBGameNo "20002705"]
[White "richardhead"]
[Black "galisine"]
[WhiteElo "1576"]
[BlackElo "1495"]
[WhiteRD "na"]
[BlackRD "na"]
[TimeControl "300+0"]
[Date "1999.10.16"]
[Time "11:28:00"]
[WhiteClock "0:05:00.000"]
[BlackClock "0:05:00.000"]
[ECO "B02"]
[PlyCount "58"]
[Result "0-1"]

1. e4 Nf6 2. Nc3 d5 3. e5 d4 4. exf6 dxc3 5. fxg7 cxd2+ 6. Bxd2 Bxg7 7. Rb1 Bf5 8. Be2 Nc6 9. Nf3 Qd7 10. O-O O-O-O 11. Bb5 a6 12. Bxc6 Qxc6 13. Qe1 e6 14. Bc3 Bxc3 15. bxc3 Bxc2 16. Ne5 Qd5 17. Nxf7 Rhg8 18. g3 Rdf8 19. Nh6 Rg6 20. Rc1 Bd3 21. Rd1 Qf3 22. Rxd3 Qxd3 23. Ng4 Rxg4 24. Qxe6+ Qd7 25. Qh6 Rfg8 26. Re1 b6 27. Qe3 R4g6 28. Qc1 Re8 29. Rd1 Rd6 {White forfeits on time} 0-1

[Event "FICS rated blitz game"]
[Site "FICS freechess.org"]
[FICSGamesDBGameNo "20002704"]
[White "schwaberl"]
[Black "hurk"]
[WhiteElo "1837"]
[BlackElo "1746"]
[WhiteRD "na"]
[BlackRD "na"]
[TimeControl "300+3"]
[Date "1999.10.16"]
[Time "10:29:00"]
[WhiteClock "0:05:00.000"]
[BlackClock "0:05:00.000"]
[ECO "C43"]
[PlyCount "54"]
[Result "0-1"]

1. e4 e5 2. Nf3 Nf6 3. d4 Nxe4 4. Nxe5 d5 5. Bd3 Bd6 6. O-O O-O 7. c4 c6 8. Nc3 Nxc3 9. bxc3 Nd7 10. f4 Nf6 11. cxd5 cxd5 12. Bc2 Qc7 13. Qd3 g6 14. Qf3 Ne4 15. Bxe4 dxe4 16. Qxe4 Qxc3 17. Be3 Bf5 18. Qf3 Rac8 19. Rac1 Qa3 20. Rxc8 Rxc8 21. g4 Bxe5 22. fxe5 Be6 23. Re1 Qa5 24. Kf1 Bc4+ 25. Kf2 Qxa2+ 26. Kg3 Bd5 27. Qf2 Rc2 {White forfeits on time} 0-1